 Dungeon Crawl Stone Soup version 0.31-a0-1074-g0b22e4e0f1 (webtiles) character file.

Game seed: 10079069639735924731

23 strifetoe the Chopper (level 2, -5/22 HPs)
             Began as a Demonspawn Gladiator on Dec 7, 2023.
             Slain by Sigmund
             ... wielding a +0 scythe
              (8 damage)
             ... on level 2 of the Dungeon.
             The game lasted 00:01:48 (1299 turns).

strifetoe the Chopper (Demonspawn Gladiator)        Turns: 1299, Time: 00:01:49

Health: -5/22      AC:  7    Str: 12 (14) XL:     2   Next: 75%
Magic:  2/2        EV:  6    Int:  8 (9)  God:
Gold:   50         SH: 10    Dex: 12 (14) Spells: 1/1 levels left

rFire   . . .        h - +3 spear
rCold   . . .        k - +0 tower shield
rNeg    . . .        b - +0 leather armour
rPois   .            m - +1 hat
rElec   .            n - +1 cloak
rCorr   .            l - +0 pair of gloves
SInv    .            (no boots)
Will    .....        (no amulet)
Stlth   +            (no ring)
HPRegen 0.23/turn    (no ring)
MPRegen 0.08/turn

%: no passive effects
@: no status effects
A: powered by pain 1
a: no special abilities


You were on level 2 of the Dungeon.
You visited 1 branch of the dungeon, and saw 2 of its levels.

You collected 50 gold pieces.

Inventory:

Hand Weapons
 a - a +0 war axe
 h - a +3 spear (weapon)
Missiles
 d - 3 throwing nets (quivered)
 e - a javelin
Armour
 b - a +0 leather armour (worn)
 c - a +0 helmet
 k - a +0 tower shield (worn)
 l - a +0 pair of gloves (worn)
 m - a +1 hat (worn)
 n - a +1 cloak (worn)
 o - a +0 plate armour
Potions
 i - 2 potions of brilliance
 j - a potion of magic


   Skills:
 - Level 2.0 Fighting
 + Level 3.7 Axes
 - Level 1.7 Throwing
 - Level 2.6 Dodging


You had one spell level left.
You didn't know any spells.
Your spell library contained the following spells:

 Spells                   Type           Power      Damage    Failure   Level
 Magic Dart               Conj           0%         1d3       100%        1
 Call Imp                 Summ           0%         N/A       100%        2
 Mephitic Cloud           Conj/Pois/Air  0%         N/A       100%        3
 Ozocubu's Armour         Ice            0%         N/A       100%        3
 Ozocubu's Refrigeration  Ice            0%         4d7       100%        7


Dungeon Overview and Level Annotations

Branches:
Dungeon (2/15)

Altars:

Annotations:
D:2 Sigmund


Innate Abilities, Weirdness & Mutations

You sometimes gain a little power by taking damage.


Message History

No target in view!
No target in view!
No target in view!
No target in view!
No target in view!
No target in view!
No target in view!
You open the door.
Sigmund the Dreaded comes into view.
He is wielding a +0 scythe.
Sigmund is nearby!
Sigmund is nearby!
Sigmund shouts!
Sigmund hits you from afar with a +0 scythe!
There is an open door, spattered with blood here.
You reach to attack!
You barely miss Sigmund. You block Sigmund's attack.
You reach to attack!
You barely miss Sigmund.
Sigmund gestures wildly while chanting.
Sigmund flickers and vanishes!
Deactivating autopickup; reactivate with Ctrl-A.
No target in view!
No target in view!
Unknown command.
You aren't carrying any items that you can evoke.
Something hits you but does no damage.
You close the door.
It was a potion of curing.
You feel better.
Something unseen opens the door.
It was a potion of degeneration.
There was something very wrong with that liquid.
You feel weakened.
You feel dopey.
You feel clumsy. Something hits you!
Okay, then.
You aren't carrying any items that you can evoke.
Okay, then.
Sorry, you're not good enough to have a special ability.
Something hits you!
* * * LOW HITPOINT WARNING * * *
There is an open door, spattered with blood here.
Unknown command.
You hit something. Something hits you!
You die...

#### #.. #{#
###@####
#......#
#.)....#
#......#
#......#
########'####
#...)..#.#
#.####.#.#
#.#..#.#.#


There were no monsters in sight!

Vanquished Creatures
  2 ball pythons (D:1)
  5 endoplasms (D:1)
  A giant cockroach (D:1)
  A goblin (D:2)
  A hobgoblin (D:2)
  4 kobolds (D:1)
  5 bats
  3 rats (D:1)
22 creatures vanquished.

Notes
Turn   | Place    | Note
-------+----------+-------------------------------------------
     0 | D:1      | strifetoe the Demonspawn Gladiator began the quest for the
                  | Orb.
     0 | D:1      | Reached XP level 1. HP: 16/16 MP: 1/1
    62 | D:1      | Found a faded altar of an unknown god.
   378 | D:1      | Reached skill level 3 in Axes
   518 | D:1      | Gained mutation: You sometimes gain a little power by
                  | taking damage. [demonic ancestry]
   518 | D:1      | Reached XP level 2. HP: 22/22 MP: 2/2
  1290 | D:2      | Noticed Sigmund
  1299 | D:2      | Slain by Sigmund

Illustrated notes

Levels and vault maps discovered:
D:1:      spicycebolla_green_bress_n_ham, layout_loops_corners,
          shapermc_ecumenical_altar_flowoftime
D:2:      layout_basic, uniq_sigmund

Skill      XL: |  1 |
---------------+----+-----
Axes           | 3 |  3.7
Fighting       | |  2.0
Throwing       | |  1.7
Dodging        | |  2.6

Action                     || total
---------------------------++-------
  Melee: Spear             ||    68
         War axe           ||     4
    Use: Scroll            ||     2
         Potion            ||     2
   Stab: Sleeping          ||     1
 Armour: Leather armour    ||    28
  Dodge: Dodged            ||    14
  Block: Tower shield      ||    24

Table legend: (Time is in decaauts)
 A = Elapsed time spent in this place.
 B = Non-inter-level travel time spent in this place.
 C = Inter-level travel time spent in this place.
 D = Time resting spent in this place.
 E = Time spent auto-exploring this place.
 F = Levels seen in this place.
 G = Mean time per level.
                   A        B        C        D        E       F      G
               +--------+--------+--------+--------+--------+-----+--------+
         Total |   1324 |   1197 |    127 |    113 |    867 |   2 |  662.0 |
       Dungeon |   1324 |   1197 |    127 |    113 |    867 |   2 |  662.0 |
               +--------+--------+--------+--------+--------+-----+--------+

Top non-repeatable levels by time:
     D:1: 1251 daAuts
     D:2: 72 daAuts
